 Dungeon Crawl Stone Soup version 0.32-a0-705-g60f233581c (webtiles) character file.

Game seed: 3121582963914100312

137 zenocrate the Magician (level 5, -1/28 HPs)
             Began as a Deep Elf Earth Elementalist on Mar 14, 2024.
             Shot with an arrow by a centaur (6 damage)
             ... on level 3 of the Dungeon.
             The game lasted 00:03:22 (2408 turns).

zenocrate the Magician (DEEE)                       Turns: 2408, Time: 00:03:24

Health: -1/28      AC:  2    Str:  5    XL:     5   Next: 0%
Magic:  5/13       EV: 12    Int: 26    God:
Gold:   160        SH:  0    Dex: 15    Spells: 8/12 levels left

rFire   + . .        a - +8 hand axe of the Many Knives {freeze, rF+ Int+4}
rCold   . . .        (no shield)
rNeg    . . .        d - +0 robe
rPois   .            (no helmet)
rElec   .            (no cloak)
rCorr   .            (no gloves)
SInv    .            (no boots)
Will    .....        j - amulet of the acrobat
Stlth   ++           (no ring)
HPRegen 0.24/turn    (no ring)
MPRegen 0.13/turn

%: acrobat
@: very slightly contaminated
A: no striking features
a: no special abilities


You were on level 3 of the Dungeon.
You visited 1 branch of the dungeon, and saw 3 of its levels.

You collected 160 gold pieces.

Inventory:

Hand Weapons
 a - the +8 hand axe of the Many Knives (weapon) {freeze, rF+ Int+4}
   (You found it on level 3 of the Dungeon)

   Int+4:     It affects your intelligence (+4).
   rF+:       It protects you from fire.
 m - a +3 dagger
Armour
 d - a +0 robe (worn)
Jewellery
 j - an amulet of the acrobat (around neck)
Scrolls
 c - 2 scrolls of identify {unknown}
 e - a scroll of poison {unknown}
 g - a scroll of enchant armour {unknown}
 l - a scroll of fear {unknown}
Potions
 b - a potion of magic
 f - a potion of heal wounds {unknown}
 h - a potion of invisibility {unknown}
 i - 3 potions of curing {unknown}
 k - a potion of enlightenment {unknown}


   Skills:
 + Level 3.5 Dodging
 - Level 2.4 Stealth
 + Level 4.4 Spellcasting
 + Level 2.7 Conjurations
 + Level 4.3 Earth Magic


You had 8 spell levels left.
You knew the following spells:

 Your Spells              Type           Power      Damage    Failure   Level
a - Sandblast             Erth           56%        2d13      1%          1
b - Stone Arrow           Conj/Erth      48%        3d10      6%          3

Your spell library contained the following spells:

 Spells                   Type           Power      Damage    Failure   Level
 Passwall                 Erth           28%        N/A       4%          3
 Brom's Barrelling Bould  Conj/Erth      24%        2d5       19%         4
 Petrify                  Alch/Erth      16%        N/A       32%         4
 Iskenderun's Battlesphe  Conj           20%        2d7       58%         5
 Bombard                  Conj/Erth      12%        9d3       96%         6
 Spellforged Servitor     Conj/Summ      6%         N/A       100%        7


Dungeon Overview and Level Annotations

Branches:
Dungeon (3/15)

Altars:
Okawaru


Message History

The hobgoblin shouts!
A centaur comes into view.
A hobgoblin comes into view.
The hobgoblin misses you.
A hobgoblin comes into view.
Casting: Sandblast (safe; 1% risk of failure)
Confirm with . or Enter, or press ? or * to list all spells.
Aiming: Sandblast (safe; 1% risk of failure)
Press: ? - help, Shift-Dir - straight line, f - hobgoblin
Aim: a hobgoblin (83% to hit)
The blast of sand hits the hobgoblin!!
You kill the hobgoblin!
The hobgoblin shouts!
The centaur shouts!
You hear an angry hiss.
The centaur wields a +0 orcbow.
The centaur shoots an arrow.
The arrow hits you.
A dart slug comes into view.
The centaur shoots an arrow.
The arrow closely misses you.
You have reached level 5!
You aren't carrying any items that you can evoke.
Unknown command.
Okay, then.
Casting: Sandblast (safe; 1% risk of failure)
Confirm with . or Enter, or press ? or * to list all spells.
Aiming: Stone Arrow (quite dangerous; 6% risk of failure)
Press: ? - help, Shift-Dir - straight line, f - centaur
Aim: a centaur, wielding a +0 orcbow (83% to hit)
You miscast Stone Arrow.
You are very lightly contaminated with residual magic.
You feel a strange surge of energy.
The centaur shoots an arrow.
The arrow hits you!
* * * LOW HITPOINT WARNING * * *
Casting: Stone Arrow (quite dangerous; 6% risk of failure)
Confirm with . or Enter, or press ? or * to list all spells.
Aiming: Stone Arrow (quite dangerous; 6% risk of failure)
Press: ? - help, Shift-Dir - straight line, f/p - centaur
Aim: a centaur, wielding a +0 orcbow (83% to hit)
The stone arrow hits the centaur!!
The centaur is almost dead.
The centaur shoots an arrow.
The arrow hits you.
You die...

##.## #..# ###.# #..####
#.# ##.. w. #...###..# ##
#.# ##..## g###........# #.
#.# .... .#...##..##.# #.
#.# #.....#g#.........)###.
#.# .. ..c..###..........
###.# #. #.#.# #.###......
#...# #. #.†.# #.# #.####.
#.### #. #@# #.# #.####.
#.# #. #. #.# #.# #......
#.# #.###†## #.# #.#
######. #.# #..#..<# #.#
#<# #. ##.# #.#..#.# #.#
#.# #. ...# #..#...###.##
##.########. .###
#..##.#.....####...........
.#
#..##....#.......##########
.# #..##..)###...####


You could see a centaur, a dart slug and 2 hobgoblins.

Vanquished Creatures
  A jelly (D:3)
  An orc wizard (D:3)
  An adder (D:2)
  A dart slug (D:2)
  3 orcs (D:3)
  5 ball pythons
  8 bats
  9 endoplasms
  5 giant cockroaches
  3 goblins
  7 hobgoblins
  3 jackals (D:3)
  A quokka (D:2)
  5 frilled lizards
  6 kobolds
  3 rats
62 creatures vanquished.

Notes
Turn   | Place    | Note
-------+----------+-------------------------------------------
     0 | D:1      | zenocrate the Deep Elf Earth Elementalist began the quest
                  | for the Orb.
     0 | D:1      | Reached XP level 1. HP: 10/10 MP: 6/6
   412 | D:1      | Reached XP level 2. HP: 15/15 MP: 8/8
  1057 | D:2      | Reached XP level 3. HP: 19/19 MP: 7/10
  1735 | D:2      | Learned a level 3 spell: Stone Arrow
  1738 | D:3      | Found an iron altar of Okawaru.
  1752 | D:3      | Reached XP level 4. HP: 20/24 MP: 2/12
  2191 | D:3      | Identified the +8 hand axe of the Many Knives {freeze, rF+
                  | Int+4}
  2233 | D:3      | Found a faded altar of an unknown god.
  2404 | D:3      | Noticed a centaur
  2407 | D:3      | Reached XP level 5. HP: 22/28 MP: 11/13
  2408 | D:3      | Shot with an arrow by a centaur

Illustrated notes

Levels and vault maps discovered:
D:1:      nzn_arrival_depleted_hourglass, layout_loops_corners,
          grunt_decor_clamped
D:2:      layout_loops_ring
D:3:      layout_loops_ring, okawaru_ov_weapons_minmay,
          ebering_ecumenical_altar_abandoned, minmay_quantized

Skill      XL: |  1  2  3 |
---------------+----------+-----
Conjurations   | 2 |  2.7
Dodging        | 3 |  3.5
Spellcasting   | 4 |  4.4
Earth Magic    | 4 |  4.3
Stealth        | |  2.4

Action                     |  1- 3 |  4- 6 || total
---------------------------+-------+-------++-------
  Melee: Short sword       |    10 |       ||    10
         Unarmed           |     1 |       ||     1
         Dagger            |    28 |    15 ||    43
         Hand axe          |       |     2 ||     2
   Cast: Sandblast         |    44 |    15 ||    59
         Stone Arrow       |     1 |     1 ||     2
   Stab: Sleeping          |     7 |     3 ||    10
 Armour: Robe              |    34 |    11 ||    45
  Dodge: Dodged            |    39 |    16 ||    55

Table legend: (Time is in decaauts)
 A = Elapsed time spent in this place.
 B = Non-inter-level travel time spent in this place.
 C = Inter-level travel time spent in this place.
 D = Time resting spent in this place.
 E = Time spent auto-exploring this place.
 F = Levels seen in this place.
 G = Mean time per level.
                   A        B        C        D        E       F      G
               +--------+--------+--------+--------+--------+-----+--------+
         Total |   2436 |   2411 |     25 |      0 |   2012 |   3 |  812.0 |
       Dungeon |   2436 |   2411 |     25 |      0 |   2012 |   3 |  812.0 |
               +--------+--------+--------+--------+--------+-----+--------+

Top non-repeatable levels by time:
     D:1: 1045 daAuts
     D:2: 708 daAuts
     D:3: 682 daAuts
